 Dungeon Crawl Stone Soup version 0.30-a0-596-g0af90f9a20 (webtiles) character file.

Game seed: 17780869925423428667

193 Chaicat the Trooper (level 5, 0/47 HPs)
             Began as a Minotaur Fighter on Jan 6, 2023.
             Slain by an orc wizard
             ... wielding a +2 dagger of venom
              (3 damage)
             ... on level 3 of the Dungeon.
             The game lasted 00:05:17 (2669 turns).

Chaicat the Trooper (Minotaur Fighter)              Turns: 2669, Time: 00:05:18

Health: 0/47       AC: 10    Str: 23    XL:     5   Next: 43%
Magic:  4/4        EV:  7    Int:  5    God:
Gold:   125        SH:  0    Dex:  9    Spells: 4/4 levels left

rFire   . . .      SeeInvis .    a - +1 war axe
rCold   . . .      Faith    .    c - +0 buckler
rNeg    . . .      Spirit   .    o - +0 chain mail
rPois   .          Reflect  .    (helmet restricted)
rElec   .          Harm     .    (no cloak)
rCorr   .          Rampage  .    i - +0 pair of gloves
Will    .....                    (no boots) Stlth
                                 (no amulet)
HPRegen 0.27/turn                (no ring)
MPRegen 0.09/turn                (no ring)

@: confused, lethally poisoned (0 -> -15), ambrosia-drunk
A: horns 2, retaliatory headbutt
a: no special abilities


You were on level 3 of the Dungeon.
You visited 1 branch of the dungeon, and saw 3 of its levels.

You collected 125 gold pieces.

Inventory:

Hand Weapons
 a - a +1 war axe (weapon)
Armour
 c - a +0 buckler (worn)
 f - +0 fire dragon scales
 i - a +0 pair of gloves (worn)
 o - a +0 chain mail (worn)
Wands
 n - a wand of light (4)
Scrolls
 b - a scroll of poison
 e - a scroll of identify
 k - a scroll of teleportation
 m - a scroll of immolation {unknown}
Potions
 d - 2 potions of might
 g - a potion of lignification {unknown}
 h - a potion of invisibility {unknown}
 j - a potion of ambrosia
 l - a potion of curing {unknown}
 p - a potion of attraction {unknown}


   Skills:
 + Level 4.9 Fighting
 + Level 4.0 Axes
 + Level 4.8 Armour
 + Level 4.8 Shields


You had 4 spell levels left.
You didn't know any spells.
Your spell library was empty.

Dungeon Overview and Level Annotations

Branches:
Dungeon (3/15)

Altars:


Innate Abilities, Weirdness & Mutations

You have a pair of horns on your head.
You reflexively headbutt those who attack you in melee.


Message History

You are too injured to fight recklessly!
You are too injured to fight recklessly!
You are too injured to fight recklessly!
You are too injured to fight recklessly!
You are too injured to fight recklessly!
You are too injured to fight recklessly!
You are too injured to fight recklessly!
You are too injured to fight recklessly!
You are too injured to fight recklessly!
You are too injured to fight recklessly!
You are too injured to fight recklessly!
You barely miss something.
You feel very sick.
You hear some strange, mumbled words.
A puff of flame appears from out of thin air!
The puff of flame hits you but does no damage.
Something hits you but does no damage.
You are more poisoned.
You barely miss something.
You feel very sick. Something hits you.
* * * LOW HITPOINT WARNING * * *
You are lethally poisoned!
You barely miss something.
* * * LOW HITPOINT WARNING * * *
You feel very sick. Something hits you but does no damage.
You are more poisoned.
It was a potion of ambrosia.
You are confused.
You feel invigorated.
* * * LOW HITPOINT WARNING * * *
You feel very sick.
You hear some strange, mumbled words.
A magic dart appears from out of thin air!
The magic dart hits you but does no damage.
* * * LOW HITPOINT WARNING * * *
You feel very sick. Something hits you.
You die...

### #.# ###########.#
#...........#
#.#########.# #.# #.#
### #.# #.# ..# #.# #.#
..####.#########@#######
.................{......
..####..♣.#.##.#))......
....##......##.#....####
.#....♣...♣.## #....#
.##.........# #....#
....<...<...##.#.!..#
#####..........#.#+##
.....♣)..♣.#..#.#


There were no monsters in sight!

Vanquished Creatures
  An orc wizard (D:3)
  Natasha (thrice) (D:2)
  Robin (D:2)
  3 worms (D:2)
  2 orcs (D:3)
  6 endoplasms
  3 giant cockroaches (D:1)
  17 goblins
  7 hobgoblins
  2 jackals (D:2)
  6 ball pythons
  9 bats
  6 frilled lizards
  3 kobolds
  2 rats
71 creatures vanquished.

Notes
Turn   | Place    | Note
-------+----------+-------------------------------------------
     0 | D:1      | Chaicat the Minotaur Fighter began the quest for the Orb.
     0 | D:1      | Reached XP level 1. HP: 19/19 MP: 0/0
   158 | D:1      | Reached XP level 2. HP: 26/27 MP: 1/1
  1050 | D:1      | Reached XP level 3. HP: 33/33 MP: 2/2
  1294 | D:2      | Noticed Natasha
  1298 | D:2      | Killed Natasha
  1510 | D:2      | Noticed Robin
  1517 | D:2      | Reached XP level 4. HP: 37/41 MP: 3/3
  1528 | D:2      | Killed Robin
  1653 | D:2      | Noticed Natasha
  1664 | D:2      | Killed Natasha
  2122 | D:2      | Noticed Natasha
  2137 | D:2      | Killed Natasha
  2138 | D:2      | Reached XP level 5. HP: 15/47 MP: 4/4
  2669 | D:3      | Slain by an orc wizard

Illustrated notes

Levels and vault maps discovered:
D:1:      dpeg_arrival_fog, layout_basic
D:2:      layout_basic, minmay_misc_feat_cross, ebering_dispersal_statue_hall,
          uniq_robin, uniq_natasha
D:3:      layout_basic, mainiacjoe_overflow_alcove_1, lightli_sewer_entry_pipes,
          grunt_ministairs_2

Skill      XL: |  1  2  3  4  5 |
---------------+----------------+-----
Fighting       | 4 |  4.9
Shields        | 4 |  4.8
Axes           | 3 4 |  4.0
Armour         | 4 |  4.8

Action                   |  1- 3 |  4- 6 || total
-------------------------+-------+-------++-------
Melee: War axe           |    72 |    68 ||   140
       Headbutt          |    12 |     8 ||    20
  Use: Scroll            |     5 |     1 ||     6
       Potion            |       |     1 ||     1
Armor: Scale mail        |    18 |       ||    18
       Fire dragon scale |    19 |    26 ||    45
       Chain mail        |       |    12 ||    12
Dodge: Dodged            |    38 |    36 ||    74
Block: Buckler           |    22 |    11 ||    33

Table legend: (Time is in decaauts)
 A = Elapsed time spent in this place.
 B = Non-inter-level travel time spent in this place.
 C = Inter-level travel time spent in this place.
 D = Time resting spent in this place.
 E = Time spent auto-exploring this place.
 F = Levels seen in this place.
 G = Mean time per level.
                   A        B        C        D        E       F      G
               +--------+--------+--------+--------+--------+-----+--------+
         Total |   2727 |   2627 |    100 |    474 |   1646 |   3 |  909.0 |
       Dungeon |   2727 |   2627 |    100 |    474 |   1646 |   3 |  909.0 |
               +--------+--------+--------+--------+--------+-----+--------+

Top non-repeatable levels by time:
     D:1: 1310 daAuts
     D:2: 1309 daAuts
     D:3: 107 daAuts
